Workbook
Name MES: [6]AUX.!$A$2:$A$13
Name OLE_LINK1: 'Anexo III - RecXDesp'!#REF!

Sheet Anexo III - RecXDesp
A2: 01/2026 | C2: ANEXO III - RESUMO DA RECEITA E DA DESPESA SEGUNDO A CATEGORIA ECONÔMICA E GRUPO DE DESPESA
A3: 07/2026
C4: Órgão: Ministério do Desenvolvimento e Assistência Social, Família e Combate à Fome
C5: Unidade: Serviço Social do Comércio (Sesc) – Orçamento-Programa 2026
B7: Receita | F7: Despesa
B8: Especificação | C8: 1 | E8: 1 | F8: Especificação | G8: 1 | I8: 1
C9: Orçamento Inicial | D9: Orçamento Retificado | E9: Orçamento Final | G9: Orçamento Inicial | H9: Orçamento Retificado | I9: Orçamento Final
B11: Receitas Correntes | C11: =SUM(C12:C15) -> 14555844534 | D11: =SUM(D12:D15) -> 0 | E11: =C11+D11 -> 14555844534 | F11: Despesas Correntes | G11: =SUM(G12:G14) -> 12605430316 | H11: =SUM(H12:H14) -> 0 | I11: =G11+H11 -> 12605430316
B12: Contribuições | C12: =SUMIFS('[1]BASE 28093_OP '!G:G,'[1]BASE 28093_OP '!O:O,'Anexo III - RecXDesp'!B12,'[1]BASE 28093_OP '!B:B,'Anexo III - RecXDesp'!$A$2)-'[1]Quadros Despesa e Receita'!E4 -> 10546835000 | D12: =SUMIFS('[1]BASE 28093_OP '!G:G,'[1]BASE 28093_OP '!O:O,'Anexo III - RecXDesp'!B12,'[1]BASE 28093_OP '!B:B,'Anexo III - RecXDesp'!$A$3)-'[1]Quadros Despesa e Receita'!F4 -> 0 | E12: =C12+D12 -> 10546835000 | F12: Pessoal e Encargos Sociais - Aplicações Diretas | G12: =SUMIFS('[1]BASE 28093_OP '!G:G,'[1]BASE 28093_OP '!O:O,'Anexo III - RecXDesp'!F12,'[1]BASE 28093_OP '!B:B,'Anexo III - RecXDesp'!$A$2) -> 4327501060 | H12: =SUMIFS('[1]BASE 28093_OP '!G:G,'[1]BASE 28093_OP '!O:O,'Anexo III - RecXDesp'!F12,'[1]BASE 28093_OP '!B:B,'Anexo III - RecXDesp'!$A$3) -> 0 | I12: =G12+H12 -> 4327501060
B13: Receita Patrimonial | C13: =SUMIFS('[1]BASE 28093_OP '!G:G,'[1]BASE 28093_OP '!O:O,'Anexo III - RecXDesp'!B13,'[1]BASE 28093_OP '!B:B,'Anexo III - RecXDesp'!$A$2) -> 2077654742 | D13: =SUMIFS('[1]BASE 28093_OP '!G:G,'[1]BASE 28093_OP '!O:O,'Anexo III - RecXDesp'!B13,'[1]BASE 28093_OP '!B:B,'Anexo III - RecXDesp'!$A$3) -> 0 | E13: =C13+D13 -> 2077654742 | F13: Outras Despesas Correntes - Transf. a Instit. Privadas s/Fins Lucrativos | G13: =SUMIFS('[1]BASE 28093_OP '!G:G,'[1]BASE 28093_OP '!O:O,'Anexo III - RecXDesp'!F13,'[1]BASE 28093_OP '!B:B,'Anexo III - RecXDesp'!$A$2) -> 553392447 | H13: =SUMIFS('[1]BASE 28093_OP '!G:G,'[1]BASE 28093_OP '!O:O,'Anexo III - RecXDesp'!F13,'[1]BASE 28093_OP '!B:B,'Anexo III - RecXDesp'!$A$3) -> 0 | I13: =G13+H13 -> 553392447
B14: Receita de Serviços | C14: =SUMIFS('[1]BASE 28093_OP '!G:G,'[1]BASE 28093_OP '!O:O,'Anexo III - RecXDesp'!B14,'[1]BASE 28093_OP '!B:B,'Anexo III - RecXDesp'!$A$2) -> 1916361314 | D14: =SUMIFS('[1]BASE 28093_OP '!G:G,'[1]BASE 28093_OP '!O:O,'Anexo III - RecXDesp'!B14,'[1]BASE 28093_OP '!B:B,'Anexo III - RecXDesp'!$A$3) -> 0 | E14: =C14+D14 -> 1916361314 | F14: Outras Despesas Correntes - Aplicações Diretas | G14: =SUMIFS('[1]BASE 28093_OP '!G:G,'[1]BASE 28093_OP '!O:O,'Anexo III - RecXDesp'!F14,'[1]BASE 28093_OP '!B:B,'Anexo III - RecXDesp'!$A$2) -> 7724536809 | H14: =SUMIFS('[1]BASE 28093_OP '!G:G,'[1]BASE 28093_OP '!O:O,'Anexo III - RecXDesp'!F14,'[1]BASE 28093_OP '!B:B,'Anexo III - RecXDesp'!$A$3) -> 0 | I14: =G14+H14 -> 7724536809
B15: Outras Receitas Correntes | C15: =SUMIFS('[1]BASE 28093_OP '!G:G,'[1]BASE 28093_OP '!O:O,'Anexo III - RecXDesp'!B15,'[1]BASE 28093_OP '!B:B,'Anexo III - RecXDesp'!$A$2) -> 14993478 | D15: =SUMIFS('[1]BASE 28093_OP '!G:G,'[1]BASE 28093_OP '!O:O,'Anexo III - RecXDesp'!B15,'[1]BASE 28093_OP '!B:B,'Anexo III - RecXDesp'!$A$3) -> 0 | E15: =C15+D15 -> 14993478
B17: Receitas de Capital | C17: =SUM(C18:C19) -> 36252780 | D17: =SUM(D18:D19) -> 0 | E17: =C17+D17 -> 36252780 | F17: Despesas de Capital | G17: =SUM(G18:G19) -> 3236779148 | H17: =SUM(H18:H19) -> 0 | I17: =G17+H17 -> 3236779148
B18: Alienação de Bens | C18: =SUMIFS('[1]BASE 28093_OP '!G:G,'[1]BASE 28093_OP '!O:O,'Anexo III - RecXDesp'!B18,'[1]BASE 28093_OP '!B:B,'Anexo III - RecXDesp'!$A$2) -> 36238780 | D18: =SUMIFS('[1]BASE 28093_OP '!G:G,'[1]BASE 28093_OP '!O:O,'Anexo III - RecXDesp'!B18,'[1]BASE 28093_OP '!B:B,'Anexo III - RecXDesp'!$A$3) -> 0 | E18: =C18+D18 -> 36238780 | F18: Investimentos - Aplicações Diretas | G18: =SUMIFS('[1]BASE 28093_OP '!G:G,'[1]BASE 28093_OP '!O:O,'Anexo III - RecXDesp'!F18,'[1]BASE 28093_OP '!B:B,'Anexo III - RecXDesp'!$A$2) -> 2947268665 | H18: =SUMIFS('[1]BASE 28093_OP '!G:G,'[1]BASE 28093_OP '!O:O,'Anexo III - RecXDesp'!F18,'[1]BASE 28093_OP '!B:B,'Anexo III - RecXDesp'!$A$3) -> 0 | I18: =G18+H18 -> 2947268665
B19: Outras Receitas de Capital | C19: =SUMIFS('[1]BASE 28093_OP '!G:G,'[1]BASE 28093_OP '!O:O,'Anexo III - RecXDesp'!B19,'[1]BASE 28093_OP '!B:B,'Anexo III - RecXDesp'!$A$2) -> 14000 | D19: =SUMIFS('[1]BASE 28093_OP '!G:G,'[1]BASE 28093_OP '!O:O,'Anexo III - RecXDesp'!B19,'[1]BASE 28093_OP '!B:B,'Anexo III - RecXDesp'!$A$3) -> 0 | E19: =C19+D19 -> 14000 | F19: Inversões Financeiras - Aplicações Diretas | G19: =SUMIFS('[1]BASE 28093_OP '!G:G,'[1]BASE 28093_OP '!O:O,'Anexo III - RecXDesp'!F19,'[1]BASE 28093_OP '!B:B,'Anexo III - RecXDesp'!$A$2) -> 289510483 | H19: =SUMIFS('[1]BASE 28093_OP '!G:G,'[1]BASE 28093_OP '!O:O,'Anexo III - RecXDesp'!F19,'[1]BASE 28093_OP '!B:B,'Anexo III - RecXDesp'!$A$3) -> 0 | I19: =G19+H19 -> 289510483
B21: Total | C21: =C11+C17 -> 14592097314 | D21: =D17+D11 -> 0 | E21: =C21+D21 -> 14592097314 | F21: Total | G21: =G17+G11 -> 15842209464 | H21: =H17+H11 -> 0 | I21: =G21+H21 -> 15842209464
B23: Recursos Arrecadados de Exercícios Anteriores | C23: =SUMIFS('[1]BASE 28093_OP '!G:G,'[1]BASE 28093_OP '!O:O,'Anexo III - RecXDesp'!B23,'[1]BASE 28093_OP '!B:B,'Anexo III - RecXDesp'!$A$2) -> 1250112150 | D23: =SUMIFS('[1]BASE 28093_OP '!G:G,'[1]BASE 28093_OP '!O:O,'Anexo III - RecXDesp'!B23,'[1]BASE 28093_OP '!B:B,'Anexo III - RecXDesp'!$A$3) -> 0 | E23: =C23+D23 -> 1250112150
B25: Total da Receita | C25: =C21+C23 -> 15842209464 | D25: =D21+D23 -> 0 | E25: =E21+E23 -> 15842209464 | F25: Total da Despesa | G25: =G21 -> 15842209464 | H25: =H21 -> 0 | I25: =I21 -> 15842209464
